 Dungeon Crawl Stone Soup version 0.18.1-50-g88ac8fd (webtiles) character file.

35 Nordron the Firebug (level 3, 0/19 HPs)
             Began as a Gargoyle Fire Elementalist on Sept 23, 2016.
             Slain by a worm (3 damage)
             ... on level 2 of the Dungeon.
             The game lasted 00:04:46 (918 turns).

Nordron the Firebug (Gargoyle Fire Elementalist)     Turns: 918, Time: 00:04:46

Health: 0/19       AC:  6    Str: 11    XL:     3   Next: 35%
Magic:  0/6        EV: 12    Int: 16    God:
Gold:   76         SH:  0    Dex: 10    Spells: 2 memorised, 2 levels left

rFire  . . .     SeeInvis .     p - +0 club
rCold  . . .     Gourm    .     a - +0 robe
rNeg   + . .     Faith    .     (no shield)
rPois  ∞         Spirit   .     (no helmet)
rElec  +         Dismiss  .     (no cloak)
rCorr  .         Reflect  .     (no gloves)
SustAt .         Harm     .     h - +0 pair of boots
MR     .....                    (no amulet)
Stlth  ++........               (no ring)
                                (no ring)

@: not resistant to hostile enchantments, unstealthy
A: negative energy resistance 1, electricity resistance, unbreathing,
petrification resistance, rot immunity, AC +3
a: no special abilities


You were on level 2 of the Dungeon.
You were not hungry.

You visited 1 branch of the dungeon, and saw 2 of its levels.

You collected 76 gold pieces.

Inventory:

Hand Weapons
 p - a +0 club (weapon)
Armour
 a - a +0 robe (worn)
 h - a +0 pair of boots (worn)
Scrolls
 d - a scroll of magic mapping {unknown}
 i - 2 scrolls of teleportation {unknown}
 k - a scroll of amnesia {unknown}
 o - 2 scrolls of remove curse {unknown}
Potions
 e - a potion of heal wounds {unknown}
 g - a potion of curing {unknown}
 j - a potion of ambrosia {unknown}
 l - a potion of might {unknown}
 m - a potion of magic {unknown}
 n - a potion of flight {unknown}
Books
 b - a book of Flames

   Spells                             Type                      Level
   a - Flame Tongue                   Conjuration/Fire             1
   b - Throw Flame                    Conjuration/Fire             2
   c - Conjure Flame                  Conjuration/Fire             3
   d - Inner Flame                    Hexes/Fire                   3
   e - Sticky Flame                   Conjuration/Fire             4
   f - Fireball                       Conjuration/Fire             5
Comestibles
 c - 3 bread rations
 f - 2 chunks of flesh


   Skills:
 - Level 1.5 Dodging
 - Level 2.1 Stealth
 + Level 2.2 Spellcasting
 + Level 1.5 Conjurations
 * Level 4.0 Fire Magic


You had 2 spell levels left.
You knew the following spells:

 Your Spells              Type           Power        Failure   Level  Hunger
a - Flame Tongue          Conj/Fire      ##...        10%         1    #......
b - Conjure Flame         Conj/Fire      ##......     21%         3    ###....


Dungeon Overview and Level Annotations

Branches:
Dungeon (2/15)

Altars:


Innate Abilities, Weirdness & Mutations

You are resistant to torment.
Your stone body is resilient (AC +3).
You are immune to poison.
You resist negative energy.
You are resistant to electric shocks.
You can survive without breathing.
You are immune to petrification.
You are immune to rotting.


Message History

Aim: a worm (lightly wounded)
The flame tongue hits the worm.
The worm is lightly wounded.
You hit the worm.
The worm is moderately wounded.
The worm misses you.
You hit the worm.
The worm is heavily wounded.
Your magical contamination has completely faded away.
You hit the worm.
The worm is severely wounded.
The worm bites you!
You barely miss the worm.
The worm is heavily wounded.
The worm bites you!
* * * LOW HITPOINT WARNING * * *
You hit the worm.
The worm is severely wounded.
The worm bites you.
You die...

..[....................#
...........†............
......#.................
......#.................
......#.(...............
................%.......
.......)................
.........w....##.....###
........@..###########
............###
..#.#.....#....# .
#.#...<.#....# ..
#............#
....##..............
#..........#...##
#...##<.....##### ..##
#.#...##


You could see a worm.

Vanquished Creatures
  An adder (D:2)
  2 giant geckos (D:1)
  2 bats (D:1)
  3 giant cockroaches
  2 hobgoblins (D:1)
  2 jackals (D:1)
  2 goblins (D:1)
  3 kobolds
  7 rats
24 creatures vanquished.

Notes
Turn   | Place    | Note
--------------------------------------------------------------
     0 | D:1      | Nordron the Gargoyle Fire Elementalist began the quest for the Orb.
     0 | D:1      | Reached XP level 1. HP: 10/10 MP: 3/3
   233 | D:1      | Reached XP level 2. HP: 15/15 MP: 3/5
   858 | D:2      | Reached skill level 4 in Fire Magic
   858 | D:2      | Reached XP level 3. HP: 17/19 MP: 0/6
   884 | D:2      | Learned a level 3 spell: Conjure Flame
   918 | D:2      | Slain by a worm

Skill      XL: |  1  2 |
---------------+-------+-----
Fire Magic     | 4 |  4.0
Dodging        | |  1.5
Stealth        | |  2.1
Spellcasting   | |  2.2
Conjurations   | |  1.5

Action                   || total
-------------------------++-------
Melee: Unarmed           ||    12
       Dagger            ||     6
       Club              ||     7
 Cast: Flame Tongue      ||    37
  Eat: Chunk             ||     1
Armor: Robe              ||     7
Dodge: Dodged            ||    22
